 Dungeon Crawl Stone Soup version 0.30-a0-718-geaa24f58ff (webtiles) character file.

Game seed: 17606516109595275962

3453 mdonais the Trooper (level 10, -4/63 HPs)
             Began as an Octopode Delver on Jan 25, 2023.
             Was a Believer of Nemelex Xobeh.
             Slain by a wight
             ... wielding a +5 scimitar
              (19 damage)
             ... on level 8 of the Dungeon.
             The game lasted 00:41:34 (7439 turns).

mdonais the Trooper (Octopode Delver)               Turns: 7439, Time: 00:41:35

Health: -4/63      AC:  1    Str: 11      XL:     10   Next: 6%
Magic:  14/14      EV: 15    Int: 18 (19) God:    Nemelex Xobeh [**....]
Gold:   215        SH:  0    Dex: 16      Spells: 10/13 levels left

rFire   . . .      SeeInvis .    a - +2 dagger (holy)
rCold   + . .      Faith    .    (no shield)
rNeg    . . .      Spirit   .    (helmet restricted)
rPois   .          Reflect  .    (no amulet)
rElec   .          Harm     .    x - ring of flight
rCorr   .          Rampage  .    f - +6 ring of intelligence
Will    .....                    (no ring)
Stlth   +++++                    (no ring)
HPRegen 1.10/turn                (no ring)
MPRegen 0.14/turn                (no ring)
                                 (no ring)
                                 (no ring)

@: flying, studying Hexes
A: almost no armour, amphibious, 8 rings, camouflage 1, gelatinous body 1,
(nimble swimmer 1), tentacles, cold resistance 1, deterioration 1, dopey 1,
frail 1, regeneration 1
a: Renounce Religion, Draw Escape, Draw Destruction, Draw Summoning


You were on level 8 of the Dungeon.
You worshipped Nemelex Xobeh.
Nemelex Xobeh was pleased with you.
You visited 2 branches of the dungeon, and saw 9 of its levels.
You also visited: Ossuary.

You collected 390 gold pieces.
You spent 175 gold pieces at shops.

Inventory:

Hand Weapons
 a - a +2 dagger of holy wrath (weapon)
   (You took it off an orc on level 4 of the Dungeon)
 b - a +2 dire flail of draining
   (You took it off an orc warrior on level 6 of the Dungeon)
 j - a +4 sling
   (You found it on level 7 of the Dungeon)
 r - a +2 heavy spear
   (You took it off a gnoll on level 5 of the Dungeon)
 E - a +5 falchion
   (You took it off a wight on level 8 of the Dungeon)
 J - a +2 antimagic short sword
   (You took it off a kobold brigand on level 7 of the Dungeon)
Missiles
 i - 36 poisoned darts
 t - 2 boomerangs
 u - 2 silver boomerangs (quivered)
 v - 4 javelins
 F - a curare-tipped dart
Jewellery
 f - a +6 ring of intelligence (right tentacle)
   (You found it on level 5 of the Dungeon)
 x - a ring of flight (left tentacle)
   (You found it on level 3 of the Dungeon)
Wands
 D - a wand of digging (3)
 V - a wand of flame (8)
   (You took it off Natasha on level 3 of the Dungeon)
Scrolls
 d - a scroll of fear
 e - 2 scrolls of amnesia
 g - a scroll of immolation
 n - 2 scrolls of poison
 o - 4 scrolls of fog
 q - 2 scrolls of brand weapon {unknown}
 s - 3 scrolls of vulnerability
 A - a scroll of silence
 B - 3 scrolls of blinking
 C - 2 scrolls of torment {unknown}
 G - a scroll of enchant weapon
 I - a scroll of enchant armour
 M - a scroll of magic mapping
 T - 4 scrolls of teleportation
Potions
 c - a potion of mutation
 h - 2 potions of ambrosia
 k - 2 potions of resistance
 l - 3 potions of flight
 m - 2 potions of heal wounds
 p - 3 potions of might
 w - a potion of berserk rage
 y - 3 potions of attraction {unknown}
 z - 2 potions of degeneration {unknown}
 H - a potion of haste
 Q - 3 potions of curing


   Skills:
 + Level 7.6 Fighting
 - Level 4.0 Short Blades
 - Level 4.0 Maces & Flails
 - Level 2.0 Throwing
 + Level 5.4 Dodging
 - Level 7.1 Stealth
 - Level 2.0 Spellcasting
 - Level 3.0 Conjurations
 + Level 6.6 Hexes
 + Level 6.4 Invocations
 - Level 2.0 Evocations


You had 10 spell levels left.
You knew the following spells:

 Your Spells              Type           Power      Damage    Failure   Level
a - Dazzling Flash        Conj/Hex       38%        N/A       8%          3

Your spell library contained the following spells:

 Spells                   Type           Power      Damage    Failure   Level
 Silence                  Hex/Air        6%         N/A       78%         5
 Agony                    Necr           1%         N/A       99%         5


Dungeon Overview and Level Annotations

Branches:
Dungeon (8/15) Zot: 26561  Temple (1/1) D:4 Zot: 5907 Ossuary (visited)
   Lair: D:8-11

Altars:
Ashenzari
Cheibriados
Dithmenos
Elyvilon
Fedhas
Gozag
Hepliaklqana
Kikubaaqudgha
Makhleb
Nemelex Xobeh
Okawaru
Qazlal
Trog
Uskayaw
Wu Jian
Xom
Yredelemnul

Shops:
D:3 [   D:5 ?


Innate Abilities, Weirdness & Mutations

You cannot wear most types of armour.
You are amphibious.
You can wear up to eight rings at the same time.
Your skin changes colour to match your surroundings (Stealth+).
Your rubbery body absorbs attacks. (AC +1, EV +1)
((You are camouflaged when in or above water. (Stealth+)))
You have tentacles for arms and can constrict up to eight enemies at once.
Your flesh is cold resistant. (rC+)
Your body sometimes deteriorates upon taking damage.
You are dopey. (Int -2)
You are frail. (-10% HP)
Your natural rate of healing is unusually fast.


Message History

You regained 3 hp, and now have 27/63 hp.
MP restored: 14 Something unseen opens the door.
You sense a monster nearby.
An orc priest comes into view. It is wielding a +0 club.
You regained 15 hp, and now have 42/63 hp.
The orc priest moves out of view.
You start resting.
An orc priest is nearby!
You regained 9 hp, and now have 52/63 hp. 2 orc priests come into view.
The orc priest misses you.
The orc priest shouts! x2
You hit the orc priest. You grab the orc priest. You squeeze the orc priest.
The orc priest is lightly wounded.
You constrict the orc priest.
The orc priest begins to cast a cantrip, but forgets the words!
The orc priest looks encouraged for a moment.
You hit the orc priest. You squeeze the orc priest!
You kill the orc priest!
You barely miss the orc priest. You grab the orc priest.
You constrict the orc priest. The orc priest closely misses you.
You hit the orc priest.
The orc priest is heavily wounded.
You constrict the orc priest, but do no damage.
You hit the orc priest.
The orc priest is severely wounded.
You constrict the orc priest. The orc priest barely misses you.
The orc priest hits you with a +0 dagger.
You take 2 damage, and have 54/63 hp.
You hit the orc priest.
The orc priest is almost dead.
You constrict the orc priest.
You kill the orc priest!
The orc priest misses you.
You hit the orc priest. Your grab misses the orc priest.
The orc priest is moderately wounded.
The orc priest barely misses you.
You hit the orc priest. You grab the orc priest.
The orc priest is heavily wounded.
You constrict the orc priest.
The orc priest calls down the wrath of Beogh upon you.
Pain shoots through your body!
You take 8 damage, and have 48/63 hp.
You hit the orc priest but do no damage.
You squeeze the orc priest.
The orc priest is heavily wounded.
You constrict the orc priest. You barely miss the orc priest.
The orc priest is severely wounded.
You constrict the orc priest. The orc priest barely misses you.
You hit the orc priest.
The orc priest is almost dead.
You constrict the orc priest.
You kill the orc priest!
You start resting.
HP restored.
Health restored: 63
Found an iron altar of Okawaru.
Things that are here:
a +0 hand axe; a +0 club; a +0 quarterstaff You see here a +0 dagger.
There is an open door here.
Search for what [Enter for "armor", or ? for help]? .
You see here a +0 dagger.
You now have 215 gold pieces (gained 8).
T - 4 scrolls of teleportation (gained 1)
A wyvern comes into view.
Found a spear.
A wight comes into view. It is wielding a +2 battleaxe.
Okay, then.
Unknown command.
Throw: 2 boomerangs (silver)
Press: ? - help, Q - select action, (/) - cycle Shift-Dir - straight line, f - wight
Aim: a wight, wielding a +2 battleaxe and wearing a +0 robe (64% to hit)
You throw a silver boomerang.
The silver boomerang barely misses the wight.
Throw: 2 boomerangs (silver)
Press: ? - help, Q - select action, (/) - cycle Shift-Dir - straight line, f/p - wight
Aim: a wight, wielding a +2 battleaxe and wearing a +0 robe (64% to hit)
You throw a silver boomerang. The silver boomerang hits the wight.
The wight is moderately damaged.
You draw a card...
You have drawn Wild Magic.
Heat is drained from the wight.
The wight completely resists.
You feel a surge of magic.
You draw a card...
You have drawn the Cloud.
Clouds appear around you!
You hit the wight but do no damage. Your grab misses the wight.
Your squeeze misses the wight.
The wight is moderately damaged.
The wight hits you with a +2 battleaxe.
You take 3 damage, and have 60/63 hp.
You hit the wight but do no damage. You grab the wight. You squeeze the wight.
The wight is moderately damaged.
You constrict the wight, but do no damage.
The wight hits you with a +2 battleaxe.
You take 2 damage, and have 58/63 hp.
You hit the wight.
The wight convulses.
You squeeze the wight.
You destroy the wight!
Things that are here:
a +2 battleaxe; a +0 robe Health restored: 63
There is an escape hatch in the ceiling here.
You draw a card...
You have drawn the Orb.
Press: ? - help, Shift-Dir - straight line, f - wight
Aim: a wight, wielding a +5 scimitar and wearing a +0 robe Your orb of destruction hits a rock wall. x3
You hit the wight.
The wight convulses.
You grab the wight. You squeeze the wight.
The wight is heavily damaged.
You constrict the wight, but do no damage.
Your orb of destruction hits a rock wall. x2
The wight struggles to escape constriction.
You completely miss the wight.
The wight is heavily damaged.
You constrict the wight, but do no damage.
You hit the wight but do no damage.
The wight is heavily damaged.
You constrict the wight. The wight hits you with a +3 battleaxe!
You take 7 damage, and have 56/63 hp.
You barely miss the wight.
The wight is severely damaged.
You constrict the wight. The wight hits you with a +5 scimitar!
The wight closely misses you.
You take 12 damage, and have 44/63 hp.
You hit the wight but do no damage.
You squeeze the wight, but do no damage.
The wight is severely damaged.
You constrict the wight, but do no damage.
The wight hits you with a +3 battleaxe! The wight closely misses you.
You take 12 damage, and have 32/63 hp.
You hit the wight but do no damage.
The wight is severely damaged.
You constrict the wight. The wight closely misses you.
The wight hits you with a +5 scimitar!!
* * * LOW HITPOINT WARNING * * *
Your body deteriorates!
You feel dopey.
You take 20 damage, and have 12/63 hp.
MASSIVE DAMAGE!!
You hit the wight but do no damage.
The wight is severely damaged.
You constrict the wight. You hit the wight but do no damage.
The wight is almost destroyed.
You constrict the wight.
You destroy the wight!
The wight misses you.
You barely miss the wight. You grab the wight.
You constrict the wight, but do no damage.
The wight hits you with a +5 scimitar!!
You die...
Your body disappears without a glow.

###..#...#...#.#..#.#*********
###....#####.#....#.#*,,,,,,,****
.....###*###...#.....,,,,,,,,,,,*
.............#.....,,,,,,,,,,,,,,
......####*#.................,,,,
.........,,,<.#.##...........,,,,
......###***##..##...........,,,,
.....## ####..)z#........z..,,,,
......####....##@#...........,,,,
............####.#..l).......,,,,
......###.).# #.......).....,,,,
......#.....######...z...#*,,,,,*
#######.###...####..#.####*******
#...#...# #.......z...# #._.##.##
####.###..#.## #...##.#
#..###....# ##'###.#
##...###..####


You could see a wight.

Vanquished Creatures
  A wyvern (D:7)
  2 steam dragons
  A warg (D:7)
  A water moccasin (D:6)
  An orc warrior (D:6)
  2 centaurs (D:6)
  4 phantoms (D:6)
  4 kobold brigands
  2 elf zombies (Ossuary)
  3 bullfrogs
  A gnoll sergeant (D:5)
  A necrophage (D:6)
  3 wights (D:8)
  A howler monkey (D:6)
  2 centaur zombies (Ossuary)
  Crazy Yiuf (D:2)
  A human zombie (Ossuary)
  A jelly (D:7)
  9 orc priests
  A gnoll bouda (D:5)
  5 hounds
  4 iguanas
  Natasha (thrice) (D:3)
  2 orc wizards
  2 mummies (Ossuary)
  9 gnolls (D:5)
  9 adders
  3 white imps
  2 dart slugs
  16 orcs
  7 bats
  5 endoplasms
  5 giant cockroaches
  7 goblins
  10 hobgoblins
  6 jackals (D:1)
  6 quokkas
  8 ball pythons
  3 frilled lizards
  2 goblin zombies (Ossuary)
  9 hobgoblin zombies (Ossuary)
  2 jackal zombies (Ossuary)
  17 kobolds
  6 kobold zombies (Ossuary)
  13 orc zombies (Ossuary)
  7 rats
  A spectral orc (D:7)
211 creatures vanquished.

Vanquished Creatures (collateral kills)
  A vampire (D:8)
  A bullfrog (D:8)
2 creatures vanquished.

Vanquished Creatures (others)
  A plant (D:1)
1 creature vanquished.

Grand Total: 214 creatures vanquished

Notes
Turn   | Place    | Note
-------+----------+-------------------------------------------
     0 | D:5      | mdonais the Octopode Delver began the quest for the Orb.
     0 | D:5      | Reached XP level 1. HP: 16/16 MP: 1/1
     1 | D:5      | Found Jufuli's Magic Scroll Emporium.
    37 | D:5      | Reached XP level 2. HP: 21/21 MP: 2/2
    72 | D:5      | Found an ancient bone altar of Kikubaaqudgha.
   410 | D:3      | Noticed Natasha
   480 | D:3      | Reached XP level 3. HP: 4/26 MP: 3/3
   483 | D:3      | HP: 1/26 [poisoned by an adder]
   484 | D:3      | Gained mutation: Your natural rate of healing is unusually
                  | fast. [potion of mutation]
   484 | D:3      | Gained mutation: You passively map a small area around you.
                  | [potion of mutation]
   758 | D:1      | Found a faded altar of an unknown god.
   764 | D:1      | Prayed at the altar of an unknown god.
   764 | D:1      | Became a worshipper of Xom the Random
   925 | D:1      | XOM: silly message
  1338 | D:1      | Reached XP level 4. HP: 33/33 MP: 4/4
  1688 | D:2      | Found a runed translucent door.
  1689 | D:2      | Noticed Crazy Yiuf
  1696 | D:2      | Killed Crazy Yiuf
  2119 | D:3      | Reached XP level 5. HP: 37/37 MP: 5/5
  2309 | D:3      | Killed Natasha
  2313 | D:3      | Identified the +2 robe of Twilight {-Cast +Blink rC+++
                  | Int-4}
  2356 | D:3      | Found Qoyt Ala's Armour Boutique.
  2390 | D:3      | XOM: silly message
  2707 | D:3      | Noticed Natasha
  2717 | D:3      | Killed Natasha
  2718 | D:3      | Reached skill level 1 in Throwing
  2805 | D:3      | XOM: cloud trail
  2817 | D:3      | XOM: summons 1 hostile demon
  2953 | D:3      | XOM is BORED!
  2953 | D:3      | XOM: 8-stop teleportation journey
  2962 | D:3      | Noticed Natasha
  2970 | D:3      | XOM: confusion
  2976 | D:3      | Killed Natasha
  2977 | D:3      | Reached XP level 6. HP: 35/43 MP: 6/6
  3254 | D:4      | XOM: silly message
  3286 | D:4      | XOM: give mutations
  3286 | D:4      | Lost mutation: You passively map a small area around you.
                  | [Xom's mischief]
  3286 | D:4      | Gained mutation: Your mind is acute. (Int +4, Str/Dex -1)
                  | [Xom's mischief]
  3286 | D:4      | Gained mutation: You occasionally lose the ability to drink
                  | potions when taking damage. [Xom's mischief]
  3328 | D:4      | Found a staircase to the Ecumenical Temple.
  3340 | Temple   | Entered the Ecumenical Temple
  3416 | Temple   | Fell from the grace of Xom
  3416 | Temple   | Became a worshipper of Nemelex Xobeh the Trickster
  3597 | D:5      | Reached skill level 1 in Invocations
  3776 | D:5      | Reached XP level 7. HP: 44/49 MP: 6/8
  3877 | D:5      | XOM: give mutations
  3877 | D:5      | Gained mutation: You are agile. (Dex +4, Str/Int -1) [Xom's
                  | mischief]
  3877 | D:5      | Gained mutation: Your body sometimes deteriorates upon
                  | taking damage. [Xom's mischief]
  3877 | D:5      | Lost mutation: Your mind is acute. (Int +4, Str/Dex -1)
                  | [Xom's mischief]
  3985 | D:5      | Reached skill level 5 in Fighting
  4156 | D:5      | XOM: give mutation
  4156 | D:5      | Lost mutation: You are agile. (Dex +4, Str/Int -1) [Xom's
                  | mischief]
  4284 | D:5      | Bought a scroll of blinking for 97 gold pieces
  4284 | D:5      | Bought a scroll of poison for 52 gold pieces
  4284 | D:5      | Bought a scroll of identify for 26 gold pieces
  4479 | D:6      | Reached * piety under Nemelex Xobeh
  4495 | D:6      | Found a bloodstained altar of Trog.
  4510 | D:6      | Received a gift from Nemelex Xobeh
  4558 | D:6      | Reached XP level 8. HP: 56/56 MP: 11/11
  4658 | D:6      | Reached skill level 5 in Invocations
  4700 | D:6      | Reached skill level 1 in Evocations
  5099 | D:6      | Learned a level 3 spell: Dazzling Flash
  5141 | D:6      | Reached skill level 5 in Dodging
  5207 | D:6      | Reached XP level 9. HP: 64/64 MP: 13/13
  5580 | D:6      | XOM: give mutations
  5580 | D:6      | Gained mutation: Your body often deteriorates upon taking
                  | damage. [Xom's mischief]
  5580 | D:6      | Gained mutation: You are frail. (-10% HP) [Xom's mischief]
  5580 | D:6      | Lost mutation: Your body often deteriorates upon taking
                  | damage. [Xom's mischief]
  5728 | D:7      | XOM: noise
  5769 | D:7      | Reached skill level 1 in Conjurations
  6049 | D:7      | Reached skill level 1 in Maces & Flails
  6185 | D:7      | Found a basalt altar of Yredelemnul.
  6270 | D:7      | Reached ** piety under Nemelex Xobeh
  6317 | D:7      | Found a shadowy altar of Dithmenos.
  6372 | D:7      | XOM: summons 2 hostile demons
  6456 | D:7      | XOM: torment (30/57 hp)
  6496 | D:7      | XOM: give mutations
  6496 | D:7      | Gained mutation: You are dopey. (Int -2) [Xom's mischief]
  6496 | D:7      | Lost mutation: You occasionally lose the ability to drink
                  | potions when taking damage. [Xom's mischief]
  6496 | D:7      | Gained mutation: Your flesh is cold resistant. (rC+) [Xom's
                  | mischief]
  6559 | D:7      | Reached skill level 5 in Hexes
  6765 | D:8      | Found a sand-covered staircase.
  6778 | Ossuary  | Entered an ossuary
  6779 | Ossuary  | Received a gift from Nemelex Xobeh
  7034 | Ossuary  | Reached skill level 1 in Spellcasting
  7299 | D:8      | Reached XP level 10. HP: 27/63 MP: 14/14
  7346 | D:8      | Found an iron altar of Okawaru.
  7404 | D:8      | Identified the +1 leather armour of Impermeability {rN+
                  | Will- rCorr Stlth+}
  7439 | D:8      | Slain by a wight

Illustrated notes

Levels and vault maps discovered:
D:1:      wander_arrival_fairy_ring, layout_basic, basic_ecumenical_altar
D:2:      layout_basic, minmay_tromino_v4_a, uniq_crazy_yiuf_cottage
D:3:      layout_basic, serial_shops, nicolae_shop_statue_plus, minivault_23,
          minmay_misc_feat_columns, uniq_natasha
D:4:      layout_rooms, minmay_temple_entry_poolview
D:5:      layout_loops_ring, pf_just_have_faith, serial_shops, shop,
          kennysheep_generic_room_2
D:6:      layout_cave_pods, kennysheep_mini_moat, minmay_manual_mares
D:7:      layout_loops_corners, nicolae_dithmenos_through_a_glass_darkly,
          yredelemnul_forgotten_temple_becter
D:8:      layout_rooms, nicolae_ossuary_entry_ruins, st_stairs_8,
          david_defended_altar_orc
Temple:   regret_index_temple_mists

Skill      XL: |  1  2  3  4  5  6  7  8  9 |
---------------+----------------------------+-----
Short Blades   | 3 4 |  4.0
Dodging        | 3 4 5 |  5.4
Fighting       | 4 5 7 |  7.6
Throwing       | 1 2 |  2.0
Stealth        | 7 |  7.1
Invocations    | 2 4 6 |  6.4
Evocations     | 2 |  2.0
Conjurations   | 3 |  3.0
Hexes          | 6 |  6.6
Maces & Flails | 4 |  4.0
Spellcasting   | 2 |  2.0

Action                     |  1- 3 |  4- 6 |  7- 9 | 10-12 || total
---------------------------+-------+-------+-------+-------++-------
  Melee: Short sword       |    60 |    53 |       |       ||   113
         Constrict         |    16 |    33 |    70 |     6 ||   125
         Tentacles         |    13 |    37 |    83 |     7 ||   140
         Dagger            |       |   100 |   137 |    23 ||   260
         Punch             |       |     1 |     6 |       ||     7
         Spear             |       |       |     8 |       ||     8
         Dire flail        |       |       |   184 |       ||   184
  Throw: Stone             |     2 |       |       |       ||     2
         Dart              |       |     5 |    19 |       ||    24
         Boomerang         |       |       |    16 |     2 ||    18
   Cast: Dazzling Flash    |       |       |     2 |       ||     2
 Invoke: Draw Destruction  |       |       |     9 |     2 ||    11
         Draw Summoning    |       |       |     1 |       ||     1
         Draw Escape       |       |       |       |     1 ||     1
    Use: Potion            |     1 |       |     6 |       ||     7
         Scroll            |       |     5 |     9 |       ||    14
   Stab: Sleeping          |    11 |    25 |    13 |       ||    49
         Invisible         |       |       |     2 |       ||     2
         Distracted        |       |       |     1 |       ||     1
 Armour: Skin              |     6 |     4 |    14 |       ||    24
  Dodge: Dodged            |    27 |    77 |   236 |    10 ||   350

Table legend: (Time is in decaauts)
 A = Elapsed time spent in this place.
 B = Non-inter-level travel time spent in this place.
 C = Inter-level travel time spent in this place.
 D = Time resting spent in this place.
 E = Time spent auto-exploring this place.
 F = Levels seen in this place.
 G = Mean time per level.
                   A        B        C        D        E       F      G
               +--------+--------+--------+--------+--------+-----+--------+
         Total |   7415 |   7134 |    281 |    276 |   4381 |  10 |  741.5 |
       Dungeon |   7041 |   6798 |    243 |    251 |   4329 |   8 |  880.1 |
        Temple |     92 |     54 |     38 |      0 |     12 |   1 |   92.0 |
       Ossuary |    280 |    280 |      0 |     25 |     40 |   1 |  280.0 |
               +--------+--------+--------+--------+--------+-----+--------+

Top non-repeatable levels by time:
     D:6: 1318 daAuts
     D:7: 1122 daAuts
     D:5: 1034 daAuts
     D:3: 1003 daAuts
     D:1: 893 daAuts
     D:2: 635 daAuts
     D:4: 597 daAuts
     D:8: 437 daAuts
 Ossuary: 280 daAuts
  Temple: 92 daAuts
